 Dungeon Crawl Stone Soup version 0.30-a0-949-g53dc5368d7 (webtiles) character file.

Game seed: 16598554302251873286

2605 cforsyth the Fighter (level 9, -2/79 HPs)
             Began as a Formicid Fighter on Mar 28, 2023.
             Slain by a yak (11 damage)
             ... on level 4 of the Dungeon.
             The game lasted 00:08:48 (7889 turns).

cforsyth the Fighter (Formicid Fighter)             Turns: 7889, Time: 00:08:49

Health: -2/79      AC:  9    Str: 25    XL:     9   Next: 90%
Magic:  9/9        EV:  9    Int:  8    God:
Gold:   604        SH:  5    Dex: 13    Spells: 8/8 levels left

rFire   + . .      SeeInvis +    a - +0 flail
rCold   . . .      Faith    .    c - +0 buckler
rNeg    . . .      Spirit   .    b - +0 scale mail
rPois   .          Reflect  .    (helmet unavailable)
rElec   .          Rampage  .    (no cloak)
rCorr   .                        (no gloves)
Will    .....                    z - +1 pair of boots Stlth
                                 k - amulet of magic regeneration
HPRegen 0.33/turn                q - ring of protection from fire
MPRegen 0.51/turn                (no ring)

@: no status effects
A: permanent stasis, dig shafts and tunnels, antennae 3, four strong arms
a: Dig, Shaft Self


You were on level 4 of the Dungeon.
You visited 1 branch of the dungeon, and saw 6 of its levels.
You also visited: Ossuary.

You collected 604 gold pieces.

Inventory:

Hand Weapons
 a - a +0 flail (weapon)
Armour
 b - a +0 scale mail (worn)
 c - a +0 buckler (worn)
 z - a +1 pair of boots (worn)
Jewellery
 k - an amulet of magic regeneration (around neck)
 q - a ring of protection from fire (left hand)
 v - a +5 ring of evasion
 y - an amulet of guardian spirit
Wands
 u - a wand of quicksilver (2)
Scrolls
 e - a scroll of blinking {unknown}
 f - a scroll of fog
 j - a scroll of identify
 l - a scroll of amnesia
 p - a scroll of enchant armour
Potions
 d - 2 potions of might
 g - 2 potions of attraction {unknown}
 h - 2 potions of brilliance {unknown}
 i - 2 potions of heal wounds
 m - a potion of lignification {unknown}
 n - a potion of invisibility {unknown}
 o - 5 potions of curing
 t - a potion of ambrosia {unknown}
 w - a potion of resistance


   Skills:
 + Level 10.4 Fighting
 + Level 9.3 Maces & Flails
 - Level 3.2 Armour
 - Level 4.0 Shields


You had 8 spell levels left.
You didn't know any spells.
Your spell library contained the following spells:

 Spells                   Type           Power      Damage    Failure   Level
 Sandblast                Erth           0%         2d4       77%         1
 Slow                     Hex            0%         N/A       77%         1
 Passwall                 Tmut/Erth      0%         N/A       88%         2
 Sublimation of Blood     Necr           0%         N/A       88%         2
 Wereblood                Tmut           0%         N/A       88%         2
 Confusing Touch          Hex            0%         N/A       98%         3
 Inner Flame              Hex/Fire       0%         N/A       98%         3
 Stone Arrow              Conj/Erth      0%         3d7       98%         3
 Vampiric Draining        Necr           0%         2d6       98%         3
 Cause Fear               Hex            0%         N/A       100%        4
 Summon Hydra             Summ           0%         N/A       100%        7
 Discord                  Hex            0%         N/A       100%        8


Dungeon Overview and Level Annotations

Branches:
Dungeon (6/15)            Ossuary (visited)
 Temple: D:4-7

Altars:
Cheibriados
Elyvilon
Nemelex Xobeh
Sif Muna
Zin

Annotations:
D:3 1 runed translucent door, Crazy Yiuf


Innate Abilities, Weirdness & Mutations

You cannot be hasted, slowed, berserked, paralysed or teleported.
You can dig through walls and to a lower floor.
You have a pair of large antennae on your head. (SInv)
Your four strong arms can wield two-handed weapons with a shield.


Message History

The yak barely misses you.
You hit the yak.
The yak is heavily wounded.
You block the yak's attack.
You barely miss the yak.
The yak is heavily wounded.
The yak gores you but does no damage.
You barely miss the yak.
The yak is heavily wounded.
The yak barely misses you.
You hit the yak but do no damage.
The yak is heavily wounded.
You block the yak's attack.
You hit the yak.
The yak is heavily wounded.
The yak gores you!
You are too injured to fight recklessly!
You are too injured to fight recklessly!
You are too injured to fight recklessly!
You hit the yak.
The yak is severely wounded.
The yak gores you!
* * * LOW HITPOINT WARNING * * *
You hit the yak but do no damage.
The yak is severely wounded.
You barely miss the yak.
The yak is severely wounded.
The yak gores you!
* * * LOW HITPOINT WARNING * * *
You barely miss the yak.
The yak is severely wounded.
The yak gores you.
* * * LOW HITPOINT WARNING * * *
You barely miss the yak.
The yak is severely wounded.
You block the yak's attack.
You barely miss the yak.
The yak is severely wounded.
The yak gores you!
You die...

### ##.## ### #######...#
##.# ###...##....## #..###
#.@....#.....######
#....#####Y.#......##.##..
###.....##..............#...
#...........................
##..........................
##.....####.............###
###.#.#####>............###
#.....##..#............###.
###..#..................#...


You could see a yak.

Vanquished Creatures
  Pikel (D:4)
  Sigmund (D:3)
  2 yaks
  An ice beast (D:6)
  2 sky beasts
  2 black bears
  3 ogres (D:5)
  2 phantoms (D:6)
  A howler monkey (D:5)
  2 human zombies
  4 hounds
  A jelly (D:5)
  2 sleepcaps
  Jessica (D:2)
  Natasha (thrice) (D:3)
  8 iguanas
  2 mummies (Ossuary)
  3 gnolls
  5 adders
  4 ufetubi (D:5)
  4 worms
  3 dart slugs
  2 orcs
  7 endoplasms
  6 giant cockroaches
  3 gnoll zombies (Ossuary)
  8 goblins
  9 hobgoblins
  3 jackals (D:3)
  11 kobolds
  2 quokkas
  4 ball pythons
  4 bats (D:2)
  2 frilled lizards
  5 goblin zombies (Ossuary)
  3 hobgoblin zombies (Ossuary)
  2 orc zombies (Ossuary)
  4 rats
132 creatures vanquished.

Notes
Turn   | Place    | Note
-------+----------+-------------------------------------------
     0 | D:1      | cforsyth the Formicid Fighter began the quest for the Orb.
     0 | D:1      | Reached XP level 1. HP: 18/18 MP: 1/1
   210 | D:1      | Reached XP level 2. HP: 23/24 MP: 2/2
   772 | D:2      | Reached XP level 3. HP: 15/30 MP: 3/3
   854 | D:2      | Reached skill level 4 in Fighting
   860 | D:2      | Noticed Jessica
   865 | D:2      | Killed Jessica
   866 | D:2      | Reached XP level 4. HP: 36/37 MP: 4/4
  1603 | D:3      | Noticed Sigmund
  1732 | D:3      | Killed Sigmund
  1733 | D:3      | Reached skill level 5 in Fighting
  1733 | D:3      | Reached XP level 5. HP: 24/46 MP: 5/5
  1733 | D:3      | Reached XP level 6. HP: 28/52 MP: 6/6
  2325 | D:3      | Found a runed translucent door.
  2326 | D:3      | Noticed Crazy Yiuf
  2427 | D:3      | Noticed Natasha
  2432 | D:3      | Killed Natasha
  2653 | D:3      | Found a sparkling altar of Nemelex Xobeh.
  2767 | D:3      | Reached skill level 6 in Fighting
  2830 | D:3      | Noticed Natasha
  2837 | D:3      | Killed Natasha
  2838 | D:3      | Reached skill level 5 in Maces & Flails
  3023 | D:3      | Noticed Natasha
  3028 | D:3      | Killed Natasha
  3029 | D:3      | Reached XP level 7. HP: 48/58 MP: 7/7
  3305 | D:4      | Identified the +3 trident "Esishucs" {holy, Fly rC++ Str-5
                  | SInv}
  3767 | D:4      | Found a white marble altar of Elyvilon.
  3817 | D:5      | Entered Level 5 of the Dungeon
  3877 | D:5      | Reached skill level 7 in Fighting
  3938 | D:5      | Found a sand-covered staircase.
  4032 | Ossuary  | Entered an ossuary
  4103 | Ossuary  | Reached XP level 8. HP: 57/67 MP: 8/8
  4826 | D:5      | Noticed Pikel
  5086 | D:4      | HP: 1/68 [Pikel/+2 whip of freezing (3)]
  5087 | D:4      | Killed Pikel
  5088 | D:4      | Reached skill level 8 in Fighting
  5088 | D:4      | Reached XP level 9. HP: 1/75 MP: 9/9
  5640 | D:5      | Reached skill level 9 in Fighting
  6062 | D:6      | Found a glowing silver altar of Zin.
  7196 | D:6      | Reached skill level 10 in Fighting
  7234 | D:6      | Found a snail-covered altar of Cheibriados.
  7249 | D:6      | Found a shimmering blue altar of Sif Muna.
  7336 | D:5      | HP: 3/78 [yak (4)]
  7889 | D:4      | Slain by a yak

Illustrated notes

Levels and vault maps discovered:
D:1:      amcnicky_arrival_abandoned_market, layout_loops_ring,
          chequers_serial_rivers_large_b, feat_on_display
D:2:      layout_loops_ring, uniq_jessica
D:3:      layout_basic, nemelex_diamond_rough_becter, uniq_crazy_yiuf_cottage,
          uniq_natasha, uniq_sigmund
D:4:      layout_cave_pools, lemuel_coloured_pillars_altar
D:5:      layout_loops_cross, enter_ossuary_3, uniq_pikel
D:6:      layout_rooms, mainiacjoe_overflow_alcove_4, lemuel_doored_altar,
          mainiacjoe_overflow_catwalk_spiral, hangedman_decor_growths

Skill      XL: |  1  2  3  4  5  6  7  8  9 |
---------------+----------------------------+-----
Fighting       | 4 5 6 7 8 10 | 10.4
Maces & Flails | 3 4 5 6 7 9 |  9.3
Armour         | |  3.2
Shields        | |  4.0

Action                     |  1- 3 |  4- 6 |  7- 9 || total
---------------------------+-------+-------+-------++-------
  Melee: Flail             |    69 |   153 |   381 ||   603
    Use: Scroll            |       |       |     9 ||     9
         Potion            |       |       |     4 ||     4
 Armour: Scale mail        |    42 |    60 |   218 ||   320
  Dodge: Dodged            |    36 |    60 |   232 ||   328
  Block: Buckler           |    30 |    36 |   124 ||   190

Table legend: (Time is in decaauts)
 A = Elapsed time spent in this place.
 B = Non-inter-level travel time spent in this place.
 C = Inter-level travel time spent in this place.
 D = Time resting spent in this place.
 E = Time spent auto-exploring this place.
 F = Levels seen in this place.
 G = Mean time per level.
                   A        B        C        D        E       F      G
               +--------+--------+--------+--------+--------+-----+--------+
         Total |   8032 |   7924 |    108 |   2807 |   3719 |   7 | 1147.4 |
       Dungeon |   7674 |   7566 |    108 |   2698 |   3616 |   6 | 1279.0 |
       Ossuary |    357 |    357 |      0 |    109 |    103 |   1 |  357.0 |
               +--------+--------+--------+--------+--------+-----+--------+

Top non-repeatable levels by time:
     D:5: 2607 daAuts
     D:4: 1377 daAuts
     D:2: 1269 daAuts
     D:3: 1144 daAuts
     D:1: 819 daAuts
     D:6: 458 daAuts
 Ossuary: 357 daAuts
